 Dungeon Crawl Stone Soup version 0.13-a0-2816-gd8154f0 (webtiles) character file.

623 YOLOSWAG the Conjurer (level 6, 0/32 HPs)
             Began as a Deep Elf Conjurer on Aug 26, 2013.
             Slain by Edmund
             ... wielding a +3,+2 flail of protection
              (3 damage)
             ... on Level 4 of the Dungeon.
             The game lasted 00:23:28 (4701 turns).

YOLOSWAG the Conjurer (Deep Elf Conjurer)           Turns: 4701, Time: 00:23:28

HP   0/32        AC  7     Str  5      XL: 6   Next: 60%
MP   3/18        EV  8     Int 22      God:
Gold 208         SH  0     Dex 15      Spells:  2 memorised,  7 levels left

Res.Fire  : . . .   See Invis. : .   o - -1 elf dagger (curse)
Res.Cold  : . . .   Warding    : .   u - +0 elf ring mail
Life Prot.: . . .   Conserve   : .   (no shield)
Res.Poison: +       Res.Corr.  : .   (no helmet)
Res.Elec. : .       Clarity    : .   w - +0 cloak
Sust.Abil.: . .     Spirit.Shd : .   e - +0 pair of gloves
Res.Mut.  : .       Stasis     : .   (no boots)
Res.Rott. : .       Flight     : .   (no amulet)
Saprovore : . . .                    (no ring)
                                     t - ring of poison resistance

@: very slightly contaminated, slightly resistant to hostile enchantments,
unstealthy
A: no striking features
a: no special abilities


You were on level 4 of the Dungeon.
You were near starving.

You visited 1 branch of the dungeon, and saw 4 of its levels.

You collected 188 gold pieces.

Inventory:

Hand weapons
 d - a -1,+0 orcish club (quivered)
 k - a +4,+1 elven dagger
 o - a cursed -1,-1 elven dagger (weapon)
 v - a +4,+4 quarterstaff of chaos
Armour
 a - a +0 elven robe
 e - a +0 pair of gloves (worn)
 u - a +0 elven ring mail (worn)
 w - a +0 cloak (worn)
Comestibles
 b - 2 bread rations
 f - 2 meat rations
 g - an apple
 m - a pear
Scrolls
 h - 3 scrolls of remove curse {unknown}
 n - 2 scrolls of teleportation {unknown}
 r - 3 scrolls of blinking
Jewellery
 t - a ring of poison resistance (left hand)
Potions
 i - a potion of slowing
 j - a potion of invisibility
 l - a potion of speed
 p - 2 potions of curing {unknown}
 q - a potion of poison {unknown}
 x - a potion of degeneration {unknown}
Books
 c - a book of Conjurations

   Spells                             Type                      Level
   *Magic Dart                        Conjuration                  1
   Searing Ray                        Conjuration                  2
   Dazzling Spray                     Conjuration/Hexes            3
   *Iskenderun's Mystic Blast         Conjuration                  4
   Iskenderun's Battlesphere          Conjuration/Charms           4
   Fulminant Prism                    Conjuration/Hexes            5
 s - a book of Fire

   Spells                             Type                      Level
   Fire Brand                         Charms/Fire                  2
   Ignite Poison                      Fire/Transmutation           5
   Fireball                           Conjuration/Fire             5
   Bolt of Fire                       Conjuration/Fire             6
   Delayed Fireball                   Conjuration/Fire             7
   Ring of Flames                     Charms/Fire                  7


   Skills:
 - Level 0.2 Fighting
 + Level 0.2 Armour
 - Level 2.4 Dodging
 - Level 2.4 Stealth
 - Level 3.5 Spellcasting
 * Level 8.2 Conjurations


You had 7 spell levels left.
You knew the following spells:

 Your Spells              Type           Power        Failure   Level  Hunger
a - Magic Dart            Conj           ####         1%          1    None
b - Iskenderun's Mystic   Conj           #####...     4%          4    ####...


Dungeon Overview and Level Annotations

Branches:
Dungeon (4/27)
 Temple: D:4-7

Altars:
Fedhas
Xom

Shops:
D:4 [

Annotations:
D:4 Edmund, Pikel


Message History

You barely miss Edmund.
Edmund is severely wounded.
Edmund barely misses you.
You hit Edmund but do no damage.
Edmund is severely wounded.
Edmund hits you with a glowing flail.
* * * LOW HITPOINT WARNING * * *
You are too injured to fight recklessly!
You are too injured to fight recklessly!
You are too injured to fight recklessly!
You are too injured to fight recklessly!
You are too injured to fight recklessly!
You hit Edmund but do no damage.
Edmund is severely wounded.
Edmund hits you with a glowing flail.
* * * LOW HITPOINT WARNING * * *
You barely miss Edmund.
Edmund is severely wounded.
Edmund hits you with a glowing flail.
You die...

#......#
+......#
#......#
#......#
####'###
#..##
##..##
##..#
##@#
#.....@.#
+.......#
#.......#
#....)..#
#.......#
.......#
#######


You could see Edmund.

Vanquished Creatures
  2 ogres
  Crazy Yiuf (D:3)
  A centaur skeleton (D:4)
  3 scorpions
  A gnoll (D:1)
  5 adders
  A worm (D:3)
  An adder skeleton (D:3)
  2 giant geckos
  An ooze (D:2)
  4 orcs (D:3)
  3 ball pythons
  9 bats
  3 giant cockroaches
  7 goblins
  6 hobgoblins
  3 jackals (D:2)
  2 quokkas (D:3)
  6 giant newts
  10 kobolds
  11 rats
82 creatures vanquished.

Vanquished Creatures (others)
  5 toadstools (D:1)
5 creatures vanquished.

Grand Total: 87 creatures vanquished

Notes
Turn   | Place    | Note
--------------------------------------------------------------
     0 | D:1      | YOLOSWAG, the Deep Elf Conjurer, began the quest for the Orb.
     0 | D:1      | Reached XP level 1. HP: 10/10 MP: 4/4
   217 | D:1      | Reached XP level 2. HP: 15/15 MP: 6/6
   321 | D:1      | Reached skill level 5 in Conjurations
   331 | D:1      | Found a shimmering altar of Xom.
   332 | D:1      | Found a shimmering altar of Xom.
   332 | D:1      | Found a shimmering altar of Xom.
   333 | D:1      | Found a shimmering altar of Xom.
   333 | D:1      | Found a shimmering altar of Xom.
   334 | D:1      | Found a shimmering altar of Xom.
   837 | D:1      | Found a shimmering altar of Xom.
  1099 | D:2      | Found a blossoming altar of Fedhas.
  1121 | D:2      | Reached XP level 3. HP: 17/19 MP: 4/9
  2597 | D:3      | Reached XP level 4. HP: 24/24 MP: 6/12
  2835 | D:3      | Learned a level 4 spell: Iskenderun's Mystic Blast
  2889 | D:3      | Reached skill level 6 in Conjurations
  3012 | D:3      | Reached XP level 5. HP: 18/28 MP: 13/16
  3060 | D:3      | Noticed an ogre
  3069 | D:3      | Killed an ogre
  3069 | D:3      | Reached skill level 7 in Conjurations
  3374 | D:3      | Noticed Crazy Yiuf
  3389 | D:3      | Killed Crazy Yiuf
  3694 | D:4      | Found Okec's Armour Boutique.
  3718 | D:4      | Noticed an ogre
  3724 | D:4      | Killed an ogre
  3724 | D:4      | Reached XP level 6. HP: 13/32 MP: 12/18
  3923 | D:4      | Noticed Pikel
  3923 | D:4      | Noticed a slave
  3923 | D:4      | Noticed a slave
  4426 | D:4      | Reached skill level 8 in Conjurations
  4674 | D:4      | Noticed Edmund
  4701 | D:4      | Slain by Edmund

Action                   |  1- 3 |  4- 6 || total
-------------------------+-------+-------++-------
Melee: Unarmed           |    10 |       ||    10
       Dagger            |       |    26 ||    26
 Cast: Magic Dart        |    96 |   105 ||   201
       Iskenderun's Myst |       |     2 ||     2
  Use: Scroll            |    11 |       ||    11
